 Dungeon Crawl Stone Soup version 0.19.0-22-gd96e5fe (webtiles) character file.

180 smedtjen the Firebug (level 5, 0/39 HPs)
             Began as a Demigod Fire Elementalist on Nov 18, 2016.
             Slain by a quokka (4 damage)
             ... on level 3 of the Dungeon.
             The game lasted 00:21:21 (3909 turns).

smedtjen the Firebug (Demigod Fire Elementalist)    Turns: 3909, Time: 00:21:21

Health: 0/39       AC:  4    Str: 11    XL:     5   Next: 11%
Magic:  6/11       EV: 12    Int: 21    God:
Gold:   68         SH:  0    Dex: 16    Spells: 2 memorised, 5 levels left

rFire  . . .     SeeInvis .     B - +0 quarterstaff
rCold  . . .     Gourm    .     y - +0 leather armour
rNeg   . . .     Faith    .     (shield currently unavailable)
rPois  .         Spirit   .     C - +0 helmet
rElec  .         Reflect  .     (no cloak)
rCorr  .         Harm     +     (no gloves)
MR     .....                    (no boots)
Stlth  ++........               o - amulet of harm
                                (no ring)
                                (no ring)

@: very slightly contaminated, starving
A: high mp 1
a: no special abilities


You were on level 3 of the Dungeon.
You were starving.

You visited 1 branch of the dungeon, and saw 4 of its levels.

You collected 68 gold pieces.

Inventory:

Hand Weapons
 f - a +0 dagger
 B - a +0 quarterstaff (weapon)
Missiles
 c - 51 bolts
 h - 72 arrows
 k - 130 stones (quivered)
 r - 6 poisoned needles
 t - 2 needles of sleeping
Armour
 a - a +0 robe
 q - a +0 ring mail
 u - a +0 robe
 y - a +0 leather armour (worn)
 C - a +0 helmet (worn)
Jewellery
 o - an amulet of harm (around neck)
Scrolls
 d - a scroll of recharging {unknown}
 e - 2 scrolls of teleportation
 i - 2 scrolls of blinking
 m - 2 scrolls of remove curse {unknown}
 v - a scroll of immolation {unknown}
Potions
 j - 2 potions of invisibility
 l - a potion of flight {unknown}
 n - 3 potions of curing {unknown}
 p - a potion of heal wounds {unknown}
 s - a potion of cure mutation {unknown}
 w - a potion of ambrosia {unknown}
 x - a potion of agility {unknown}
Books
 b - a book of Flames

   Spells                             Type                      Level
   a - Flame Tongue                   Conjuration/Fire             1
   b - Throw Flame                    Conjuration/Fire             2
   c - Conjure Flame                  Conjuration/Fire             3
   d - Inner Flame                    Hexes/Fire                   3
   e - Sticky Flame                   Conjuration/Fire             4
   f - Fireball                       Conjuration/Fire             5
Comestibles
 g - 2 meat rations
 A - a bread ration


   Skills:
 + Level 0.6 Fighting
 + Level 1.0 Staves
 + Level 0.5 Armour
 + Level 2.2 Dodging
 + Level 2.3 Stealth
 + Level 2.4 Spellcasting
 + Level 2.0 Conjurations
 + Level 3.8 Fire Magic


You had 5 spell levels left.
You knew the following spells:

 Your Spells              Type           Power        Failure   Level  Hunger
a - Flame Tongue          Conj/Fire      ##...        6%          1    None
b - Throw Flame           Conj/Fire      ##....       10%         2    ##.....


Dungeon Overview and Level Annotations

Branches:
Dungeon (4/15)
 Temple: D:4-7

Annotations:
D:3 dscm's ghost, weakling OpEE


Innate Abilities, Weirdness & Mutations

You have an increased reservoir of magic. (+10% MP)


Message History

* * * LOW HITPOINT WARNING * * *
The quokka bites you but does no damage.
You see here a dagger.
Things that are here:
a dagger; a quokka skeleton The quokka barely misses you.
There is a stone staircase leading up, spattered with blood here.
Things that are here:
a dagger; a club; a hunting sling You can't go down here!
The quokka misses you.
You climb upwards.
Level annotation: dscm's ghost, weakling OpEE
There is a stone staircase leading down here.
You don't have the energy to cast that spell.
You start eating one of the 2 meat rations.
The quokka bites you.
Keep eating?
You stop eating.
You die...

#... #.....W......#
#....#............#
#....#............#
#.................#
#....#............#
#....#..W.........#
#... #............#
....#.#r#####.#######
###.#..@.............
# #########.#######
#.# #.# #.# ..# ###


You could see dscm's ghost (wandering) and a quokka.

Vanquished Creatures
  A crimson imp (D:4)
  An orc priest (D:4)
  A hound skeleton (D:4)
  Robin (D:4)
  3 adders
  A worm (D:2)
  A dart slug (D:2)
  4 leopard geckos
  2 giant cockroaches (D:2)
  15 goblins
  A hobgoblin (D:4)
  6 kobolds
  A quokka (D:4)
  8 bats
  2 frilled lizards
  4 hobgoblin zombies (D:4)
  2 kobold skeletons (D:4)
  A kobold zombie (D:4)
  An orc skeleton (D:4)
  3 rats
59 creatures vanquished.

Notes
Turn   | Place    | Note
-------+----------+-------------------------------------------
     0 | D:1      | smedtjen the Demigod Fire Elementalist began the quest for the Orb.
     0 | D:1      | Reached XP level 1. HP: 14/14 MP: 5/5
   481 | D:1      | Reached skill level 3 in Fire Magic
   581 | D:1      | Reached XP level 2. HP: 17/20 MP: 2/7
   590 | D:1      | Learned a level 2 spell: Throw Flame
  1824 | D:2      | Reached skill level 1 in Conjurations
  1824 | D:2      | Reached XP level 3. HP: 26/26 MP: 3/8
  2768 | D:3      | Noticed dscm's ghost (weakling OpEE)
  3046 | D:4      | Noticed Robin
  3055 | D:4      | Killed Robin
  3055 | D:4      | Reached XP level 4. HP: 26/33 MP: 1/10
  3269 | D:4      | Found a glowing golden altar of the Shining One.
  3875 | D:4      | Reached skill level 1 in Staves
  3875 | D:4      | Reached XP level 5. HP: 23/39 MP: 2/11
  3876 | D:4      | Noticed an ice beast
  3909 | D:3      | Slain by a quokka

Skill      XL: |  1  2  3  4 |
---------------+-------------+-----
Fire Magic     | 3 |  3.8
Stealth        | 2 |  2.3
Spellcasting   | 2 |  2.4
Dodging        | 2 |  2.2
Conjurations   | 1 2 |  2.0
Staves         | 1 |  1.0
Fighting       | |  0.6
Armour         | |  0.5

Action                   |  1- 3 |  4- 6 || total
-------------------------+-------+-------++-------
Melee: Dagger            |     5 |       ||     5
       Quarterstaff      |     1 |    70 ||    71
 Cast: Flame Tongue      |    43 |    13 ||    56
       Throw Flame       |    26 |    13 ||    39
  Use: Scroll            |     5 |     1 ||     6
  Eat: Bread ration      |     2 |       ||     2
       Chunk             |     1 |       ||     1
Armor: Robe              |     4 |       ||     4
       Leather armour    |     2 |    25 ||    27
Dodge: Dodged            |    21 |    41 ||    62
